 Dungeon Crawl Stone Soup version 0.22-a0-619-ga0c6fd2 (webtiles) character file.

3 Amnesiac the Magician (level 1, 0/13 HPs)
             Began as a Mummy Wizard on July 14, 2018.
             Killed from afar by a dart slug (7 damage)
             ... with a slug dart
             ... on level 2 of the Dungeon.
             The game lasted 00:00:21 (132 turns).

Amnesiac the Magician (Mummy Wizard)                 Turns: 132, Time: 00:00:22

Health: 0/13       AC:  2    Str: 10    XL:     1   Next: 41%
Magic:  5/5        EV: 12    Int: 17    God:
Gold:   27         SH:  0    Dex: 10    Spells: 7/8 levels left

rFire    x . .     SeeInvis .   c - +0 dagger
rCold    + . .     Gourm    .   (no shield)
rNeg     + + +     Faith    .   a - +0 robe
rPois    ∞         Spirit   .   (no helmet)
rElec    .         Reflect  .   (no cloak)
rCorr    .         Harm     .   (no gloves)
MR       .....                  (no boots)
Stlth    ++........             (no amulet)
HPRegen  0.04/turn              (no ring)
MPRegen  0.09/turn              (no ring)

@: no status effects
A: no food or potions, fire vulnerability, cold resistance 1, negative energy
resistance 3, torment resistance, unbreathing
a: no special abilities


You were on level 2 of the Dungeon.
You were not hungry.

You visited 1 branch of the dungeon, and saw 2 of its levels.

You collected 27 gold pieces.

Inventory:

Hand Weapons
 c - a +0 dagger (weapon)
Armour
 a - a +0 robe (worn)
 b - a +0 shield
Scrolls
 d - a scroll of enchant weapon {!r, unknown}


   Skills:
 - Level 1.5 Dodging
 - Level 1.5 Stealth
 - Level 4.0 Spellcasting
 + Level 1.2 Conjurations
   Level 0.7 Summonings
   Level 0.7 Translocations


You had 7 spell levels left.
You knew the following spells:

 Your Spells              Type           Power        Failure   Level  Hunger
a - Magic Dart            Conj           #...         10%         1    N/A

Your spell library contained the following spells:

 Spells                   Type           Power        Failure   Level  Hunger
 Conjure Flame            Conj/Fire      #.......     36%         3    N/A
 Slow                     Hex            #.......     24%         2    N/A
 Mephitic Cloud           Conj/Pois/Air  #.......     38%         3    N/A
 Blink                    Tloc           N/A          19%         2    N/A
 Call Imp                 Summ           #.......     19%         2    N/A

Dungeon Overview and Level Annotations

Branches:
Dungeon (2/15)

Altars:


Innate Abilities, Weirdness & Mutations

You do not eat or drink.
Your flesh is vulnerable to fire.
You are immune to poison.
Your flesh is cold resistant. (rC+)
You are immune to negative energy. (rN+++)
You are immune to unholy pain and torment.
You can survive without breathing.


Message History

You start removing your armour.
You continue taking off your +0 hat. x4
You finish taking off your +0 hat.
You drop a +0 hat.
Found a scroll labeled VISESTR NEHAPH and a dagger.
Found a stone staircase leading down.
There is an open door here.
You see here a shield.
b - a shield You now have 27 gold pieces (gained 12).
Found 22 arrows.
d - a scroll labeled VISESTR NEHAPH {!r}
There is a stone staircase leading down here.
You climb downwards.
A bat comes into view.
Found 14 arrows and 6 tomahawks.
There is a stone staircase leading up here.
The bat misses you.
You see here 14 arrows.
You barely miss the bat. The bat barely misses you.
You hit the bat.
The bat is heavily wounded.
The bat hits you. The bat hits you. The bat hits you.
You hit the bat.
You kill the bat!
Your Conjurations skill increases to level 1!
You start resting.
HP restored.
A kobold comes into view.
The kobold shouts!
An adder comes into view.
A giant cockroach comes into view.
The adder moves out of view.
There are monsters nearby!
You start waiting.
The giant cockroach is too close now for your liking.
You barely miss the giant cockroach. The giant cockroach closely misses you.
You hit the giant cockroach.
The giant cockroach is heavily wounded.
The giant cockroach bites you. The giant cockroach barely misses you.
You barely miss the giant cockroach.
The giant cockroach is heavily wounded.
The giant cockroach closely misses you.
You hit the giant cockroach.
You kill the giant cockroach!
You hit the kobold.
You kill the kobold!
No target in view!
No target in view!
You start resting.
HP restored.
A goblin and a dart slug come into view.
The goblin moves out of view.
The goblin shouts!
You hit the dart slug but do no damage. The dart slug launches a dart at you.
The slug dart hits you!
The goblin unwields an uncursed club.
The goblin wields a hunting sling.
The goblin shoots a stone.
The stone barely misses you.
The adder hisses angrily.
You hit the dart slug but do no damage. The dart slug launches a dart at you.
The slug dart hits you!
Ouch! That really hurt!
You die...

. S. .. ...
.. g. #.
####.# #.#
##."..# #.#
#w@#
#.###(##
#.....#
######..####
#..........#
#....†.....#
#.........(#
#......(<..#
############


You could see an adder, a dart slug and a goblin.

Vanquished Creatures
  A bat (D:2)
  A giant cockroach (D:2)
  A kobold (D:2)
3 creatures vanquished.

Notes
Turn   | Place    | Note
-------+----------+-------------------------------------------
     0 | D:1      | Amnesiac the Mummy Wizard began the quest for the Orb.
     0 | D:1      | Reached XP level 1. HP: 13/13 MP: 5/5
    50 | D:2      | Reached skill level 1 in Conjurations
   132 | D:2      | Killed from afar by a dart slug

Vault maps used:
D:1:      lemuel_arrival_rhombus, patterned_corridor
D:2:      uniq_jessica, uniq_robin

Skill      XL: |  1 |
---------------+----+-----
Conjurations   | 1 |  1.2
Dodging        | |  1.5
Stealth        | |  1.5
Spellcasting   | |  4.0
Summonings     | |  0.7
Translocations | |  0.7

Action                   || total
-------------------------++-------
Melee: Dagger            ||    10
Dodge: Dodged            ||     6

Table legend:
 A = Spawn XP
 B = Non-spawn XP
 C = Spawn XP percentage of total XP
 D = Spawn monster count
 E = Non-spawn monster count
 F = Spawn count percentage of total count
 G = Total turns spent on level
                    A         B        C        D         E        F      G
               +---------+---------+-------+---------+---------+-------+---------
         Total |       0 |       5 |   0.0 |       0 |       3 |   0.0 |   132
               +---------+---------+-------+---------+---------+-------+---------
           D:2 |       0 |       5 |   0.0 |       0 |       3 |   0.0 |    88
               +---------+---------+-------+---------+---------+-------+---------
